 Dungeon Crawl Stone Soup version 0.27-a0-1595-g0b823d0a13 (webtiles) character file.

Game seed: 8904391372905966881

1474 Sobieck the Covert (level 8, -4/46 HPs)
             Began as a Vampire Earth Elementalist on July 20, 2021.
             Was an Initiate of Cheibriados.
             Slain by an ogre (18 damage)
             ... on level 5 of the Dungeon.
             The game lasted 00:18:14 (5418 turns).

Sobieck the Covert (Vampire Earth Elementalist)     Turns: 5418, Time: 00:18:14

Health: -4/46      AC:  5    Str:  8      XL:     8   Next: 49%
Magic:  9/12       EV: 14    Int: 19 (20) God:    Cheibriados [......]
Gold:   125        SH:  0    Dex: 16      Spells: 10/13 levels left

rFire    . . .     SeeInvis +   a - +0 dagger {short}
rCold    + + .     Faith    .   (no shield)
rNeg     + + +     Spirit   .   b - +0 robe
rPois    ∞         Reflect  .   (no helmet)
rElec    .         Harm     .   (no cloak)
rCorr    .         Rampage  .   q - +2 pair of gloves
Will     .....                  (no boots)
Stlth    ++++++....             (no amulet)
HPRegen  0.00/turn              (no ring)
MPRegen  0.13/turn              (no ring)

@: bloodless, very slow
A: bloodless, fangs 3, see invisible, vampiric 2
a: Bat Form, Revivify, Renounce Religion, Bend Time


You were on level 5 of the Dungeon.
You worshipped Cheibriados.
Cheibriados was noncommittal.
You visited 1 branch of the dungeon, and saw 5 of its levels.

You collected 191 gold pieces.
You spent 66 gold pieces at shops.


Innate Abilities, Weirdness & Mutations

You do not regenerate when monsters are visible.
You are frail without blood (-20% HP).
You can heal yourself when you bite living creatures.
You are immune to poison.
You have razor-sharp teeth.
You have supernaturally acute eyesight. (SInv)
You are afflicted with vampirism and can become a bat while bloodless.


   Skills:
 - Level 3.0 Fighting
 - Level 5.0 Short Blades
 + Level 4.4 Dodging
 - Level 9.0 Stealth
 - Level 3.0 Spellcasting
 - Level 5.0 Transmutations
 - Level 4.0 Earth Magic


You had 10 spell levels left.
You knew the following spells:

 Your Spells              Type           Power      Damage    Failure   Level
a - Sandblast             Erth           36%        2d10      3%          1
b - Passwall              Tmut/Erth      15%        N/A       3%          2

Your spell library contained the following spells:

 Spells                   Type           Power      Damage    Failure   Level
 Stone Arrow              Conj/Erth      20%        3d8       21%         3
 Petrify                  Tmut/Erth      19%        N/A       24%         4

Inventory:

Hand Weapons
 a - a +0 dagger (weapon) {short}
   (You found it on level 1 of the Dungeon)
 d - a +0 spear {polearm}
   (You found it on level 1 of the Dungeon)
 e - a +0 club {mace}
   (You took it off a goblin on level 1 of the Dungeon)
 l - a +1 vorpal spear {polearm}
   (You found it on level 3 of the Dungeon)
Missiles
 c - 7 stones {throwing}
 j - 4 javelins {throwing}
 k - 35 sling bullets
 r - 23 poisoned darts {throwing}
Armour
 b - a +0 robe (worn)
 q - a +2 pair of gloves (worn)
   (You bought it in a shop on level 4 of the Dungeon)
Wands
 n - a wand of mindburst (13)
   (You found it on level 3 of the Dungeon)
Scrolls
 f - 5 scrolls of teleportation {@r4}
 h - 2 scrolls of noise {!r}
 u - a scroll of enchant armour {unknown}
 v - a scroll of silence {unknown}
 w - a scroll of enchant weapon {unknown}
Potions
 g - 2 potions of degeneration {unknown}
 i - a potion of flight {unknown}
 m - a potion of haste {unknown}
 o - a potion of mutation {unknown}
 p - a potion of curing {unknown}
 s - 2 potions of lignification {unknown}
 t - a potion of berserk rage {unknown}

Dungeon Overview and Level Annotations

Branches:
Dungeon (5/15)
 Temple: D:4-7

Altars:
Cheibriados

Shops:
D:4 *

Annotations:
D:4 exclusion: downstairs

..# #.# #.# ..#####.#
##.## ........#
##...## .##.#####
##.###.## .##..#
####.## ##.###
.###.###.....# #..[#
.......#.###.## #.#.#
.##.##........###.##.#
.#...#.##.##..Z.@# #
.......# .#.##O..#
.#...#.......####.#
.##........#.# .#
........#.# # . ..
##.#...... .#. .##
#....:...##... .. .
....#...#.# # .. #
..#.......##.#


You could see an ogre and a centaur skeleton (wandering).


Message History

Casting: Sandblast (safe; 3% risk of failure)
Confirm with . or Enter, or press ? or * to list all spells.
Aiming: Sandblast (safe; 3% risk of failure)
Press: ? - help, Shift-Dir - straight line, f/p - water moccasin zombie
Aim: a water moccasin zombie (moderately damaged, 79% to hit)
The blast of sand hits the water moccasin zombie!
The water moccasin zombie barely misses you.
The water moccasin zombie bites you but does no damage. 😕 MP[-1]
You lost 1 mp, and now have 9/11 mp.
Casting: Sandblast (safe; 3% risk of failure)
Confirm with . or Enter, or press ? or * to list all spells.
Aiming: Sandblast (safe; 3% risk of failure)
Press: ? - help, Shift-Dir - straight line, f/p - water moccasin zombie
Aim: a water moccasin zombie (moderately damaged, 79% to hit)
The blast of sand hits the water moccasin zombie!
The water moccasin zombie closely misses you. 😕 MP[-1]
You lost 1 mp, and now have 8/11 mp.
Casting: Sandblast (safe; 3% risk of failure)
Confirm with . or Enter, or press ? or * to list all spells.
Aiming: Sandblast (safe; 3% risk of failure)
Press: ? - help, Shift-Dir - straight line, f/p - water moccasin zombie
Aim: a water moccasin zombie (severely damaged, 79% to hit)
The blast of sand hits the water moccasin zombie!
The water moccasin zombie bites you. 😕 HP[-2] MP[-1]
You take 2 damage, and now have 36/40 hp.
You lost 1 mp, and now have 7/11 mp.
Casting: Sandblast (safe; 3% risk of failure)
Confirm with . or Enter, or press ? or * to list all spells.
Aiming: Sandblast (safe; 3% risk of failure)
Press: ? - help, Shift-Dir - straight line, f/p - water moccasin zombie
Aim: a water moccasin zombie (severely damaged, 79% to hit)
The blast of sand hits the water moccasin zombie!
You destroy the water moccasin zombie!
Cheibriados appreciates the change of pace.
Training target 4.0 for Transmutations reached!
Your Transmutations skill increases to level 4!
You need to enable at least one skill for training. 😕 MP[-1]
You lost 1 mp, and now have 6/11 mp.
You start resting. 😎 HP[+4] MP[+4]
Your hp is fully restored (40).
You regained 4 mp, and now have 10/11 mp.
You start resting. 😎 MP[+1]
Your mp is fully restored (11).
Casting: Sandblast (safe; 3% risk of failure)
Confirm with . or Enter, or press ? or * to list all spells.
Aiming: Passwall (safe; 4% risk of failure)
Press: ? - help, Dir - move target A rock wall.
You begin to meditate on the wall.
You continue meditating on the rock. x3
You finish merging with the rock.
The ogre shouts! 😎 MP[-2]
You lost 2 mp, and now have 9/11 mp.
The helpless two-headed ogre fails to defend itself.
You bite the two-headed ogre, and draw its blood!
You perforate the two-headed ogre like a sieve!!!
The ogre hits you with a +0 giant club!
The two-headed ogre hits you with a +0 giant club!
* * * LOW HITPOINT WARNING * * *
The two-headed ogre closely misses you. 😨 HP[-28]
You take 28 damage, and now have 12/40 hp.
MASSIVE DAMAGE!! (PAUSE)
You hit the two-headed ogre but do no damage.
The ogre misses you.
Casting: Passwall (safe; 4% risk of failure)
Confirm with . or Enter, or press ? or * to list all spells.
Aiming: Sandblast (safe; 3% risk of failure)
Press: ? - help, Shift-Dir - straight line, f - two-headed ogre
Aim: a two-headed ogre, wielding a +0 giant club and a +0 dire flail (severely wounded, 90% to hit)
The blast of sand hits the two-headed ogre!
You kill the two-headed ogre!
Cheibriados thoroughly appreciates the change of pace.
You feel your strength returning.
You feel your intelligence returning.
You feel your dexterity returning.
Training target 9.0 for Stealth reached!
Your Stealth skill gained 2 levels and is now at level 9!
You need to enable at least one skill for training.
Training target 5.0 for Transmutations reached!
Your Transmutations skill increases to level 5!
You need to enable at least one skill for training.
Training target 3.0 for Fighting reached!
Your Fighting skill increases to level 3!
You need to enable at least one skill for training.
Training target 4.0 for Dodging reached!
Your Dodging skill gained 2 levels and is now at level 4!
You need to enable at least one skill for training.
You have reached level 8! 😨 HP[+2] MP[-1]
You now have 46 max hp (+6).
You regained 2 hp, and now have 14/46 hp.
The ogre closely misses you.
The ogre hits you with a +0 giant club!!
You die...

Skill      XL: |  1  2  3  4  5  6  7 |
---------------+----------------------+-----
Stealth        | 4 5 6 9 |  9.0
Transmutations | 2 3 5 |  5.0
Short Blades   | 1 2 4 5 |  5.0
Spellcasting   | 3 |  3.0
Earth Magic    | 4 |  4.0
Fighting       | 3 |  3.0
Dodging        | 4 |  4.4

Action                   |  1- 3 |  4- 6 |  7- 9 || total
-------------------------+-------+-------+-------++-------
Melee: Unarmed           |     4 |       |       ||     4
       Bite              |    13 |     6 |       ||    19
       Spear             |    18 |       |       ||    18
       Dagger            |    61 |    83 |    13 ||   157
 Cast: Sandblast         |    23 |    37 |    22 ||    82
       Passwall          |     5 |    11 |     3 ||    19
Invok: Bend Time         |       |       |     1 ||     1
 Abil: Exsanguinate      |     1 |       |       ||     1
       End Transformatio |       |       |     1 ||     1
       Bat Form          |       |       |     1 ||     1
  Use: Scroll            |     1 |     2 |       ||     3
 Stab: Sleeping          |    20 |    11 |     4 ||    35
Armor: Robe              |    14 |    16 |     4 ||    34
Dodge: Dodged            |    53 |    54 |    20 ||   127

Levels and vault maps discovered:
D:1:      giann_forest_graveyard, layout_loops_cross,
          shapermc_ecumenical_altar_pompeii
D:2:      layout_basic
D:3:      layout_rooms, minmay_fountain_box
D:4:      layout_loops_ring, nicolae_shop_clearance
D:5:      layout_loops_ring, kennysheep_slug_shrine,
          hangedman_decor_clover_reticule, sigmund_army

Notes
Turn   | Place    | Note
-------+----------+-------------------------------------------
     0 | D:1      | Sobieck the Vampire Earth Elementalist began the quest for
                  | the Orb.
     0 | D:1      | Reached XP level 1. HP: 13/13 MP: 3/3
     0 | D:1      | magus.rc [v1.9.6]
   249 | D:1      | Reached XP level 2. HP: 15/19 MP: 3/5
   374 | D:1      | Found a faded altar of an unknown god.
   788 | D:1      | Learned a level 2 spell: Passwall
  1082 | D:1      | Gained mutation: You are afflicted with vampirism and can
                  | become a bat while bloodless. [Vampire growth]
  1082 | D:1      | Reached XP level 3. HP: 15/19 MP: 6/6
  1273 | D:2      | Reached skill level 4 in Stealth
  1273 | D:2      | Reached skill level 2 in Transmutations
  1752 | D:2      | Reached skill level 1 in Short Blades
  2195 | D:3      | Reached XP level 4. HP: 23/24 MP: 3/7
  2791 | D:4      | Reached skill level 2 in Short Blades
  2791 | D:4      | Reached skill level 5 in Stealth
  2791 | D:4      | Reached skill level 3 in Spellcasting
  2791 | D:4      | Reached XP level 5. HP: 22/28 MP: 1/9
  2929 | D:4      | Found Osatawee's CLEARANCE SALE! EVERYTHING MUST GO!.
  2962 | D:4      | Bought a +2 pair of gloves for 66 gold pieces
  3125 | D:4      | Reached skill level 4 in Earth Magic
  3188 | D:4      | Noticed a black bear
  3227 | D:4      | Killed a black bear
  3228 | D:4      | Reached skill level 4 in Short Blades
  3228 | D:4      | Reached XP level 6. HP: 32/32 MP: 5/10
  3434 | D:5      | Entered Level 5 of the Dungeon
  3883 | D:4      | Reached skill level 5 in Short Blades
  4043 | D:5      | Found a snail-covered altar of Cheibriados.
  4053 | D:5      | Became a worshipper of Cheibriados the Contemplative
  4176 | D:5      | HP: 7/32 [gnoll (2)]
  4457 | D:5      | Noticed a water moccasin
  4511 | D:5      | Reached skill level 6 in Stealth
  4511 | D:5      | Reached skill level 3 in Transmutations
  4511 | D:5      | Reached XP level 7. HP: 16/36 MP: 7/11
  4971 | D:5      | HP: 8/36 [ogre (28)]
  4975 | D:5      | Reached skill level 7 in Stealth
  4975 | D:5      | Reached skill level 1 in Fighting
  4977 | D:5      | HP: 7/38 [water moccasin (1)]
  4983 | D:5      | Reached skill level 2 in Fighting
  5333 | D:5      | Noticed a two-headed ogre
  5345 | D:5      | Reached skill level 4 in Transmutations
  5417 | D:5      | Killed a two-headed ogre
  5418 | D:5      | Reached skill level 9 in Stealth
  5418 | D:5      | Reached skill level 5 in Transmutations
  5418 | D:5      | Reached skill level 3 in Fighting
  5418 | D:5      | Reached skill level 4 in Dodging
  5418 | D:5      | Reached XP level 8. HP: 14/46 MP: 8/12
  5418 | D:5      | Slain by an ogre

Vanquished Creatures
  A two-headed ogre (D:5)
  A water moccasin (D:5)
  A necrophage (D:4)
  A black bear (D:4)
  An ogre (D:5)
  A scorpion (D:5)
  A water moccasin zombie (D:5)
  A water moccasin skeleton (D:4)
  3 jellies
  A bullfrog skeleton (D:5)
  2 iguanas (D:5)
  4 adders
  3 gnolls (D:5)
  An ufetubus (D:5)
  An adder skeleton (D:4)
  2 worms
  7 dart slugs
  2 orcs
  5 bats
  8 endoplasms
  3 giant cockroaches
  6 goblins
  3 jackals (D:1)
  5 kobolds
  A quokka (D:1)
  9 ball pythons
  3 frilled lizards
  8 rats
85 creatures vanquished.

Vanquished Creatures (others)
  A hobgoblin (D:1)
1 creature vanquished.

Grand Total: 86 creatures vanquished

Table legend:
 A = Non-vault XP
 B = Vault XP
 C = Vault XP percentage of total XP
 D = Non-vault monster count
 E = Vault monster count
 F = Vault count percentage of total count
                 A         B        C        D         E       F
            +---------+---------+-------+---------+---------+-------
      Total |    2102 |       4 |   0.2 |      84 |       1 |   1.2
            +---------+---------+-------+---------+---------+-------
        D:1 |      41 |       0 |   0.0 |      23 |       0 |   0.0
        D:2 |      50 |       0 |   0.0 |      18 |       0 |   0.0
        D:3 |      53 |       0 |   0.0 |      16 |       0 |   0.0
        D:4 |     409 |       0 |   0.0 |      12 |       0 |   0.0
        D:5 |    1549 |       4 |   0.3 |      15 |       1 |   6.2
            +---------+---------+-------+---------+---------+-------

Illustrated notes

Table legend:
 A = Kills in this place as a percentage of kills in entire the game.
 B = Kills by you in this place as a percentage of kills by you in the entire game.
 C = Kills by friends in this place as a percentage of kills by friends in the entire game.
 D = Other kills in this place as a percentage of other kills in the entire game.
 E = Experience gained in this place as a percentage of experience gained in the entire game.
 F = Experience gained in this place divided by the number of levels of this place that you have seen.
                   A       B       C       D       E      F
               +-------+-------+-------+-------+-------+----------------------
         Total | 100.0 | 100.0 |   N/A |   N/A | 100.0 | 421.2
       Dungeon | 100.0 | 100.0 |   N/A |   N/A | 100.0 | 421.2
               +-------+-------+-------+-------+-------+----------------------

Table legend: (Time is in decaauts)
 A = Elapsed time spent in this place.
 B = Non-inter-level travel time spent in this place.
 C = Inter-level travel time spent in this place.
 D = Time resting spent in this place.
 E = Time spent auto-exploring this place.
 F = Levels seen in this place.
 G = Mean time per level.
                   A        B        C        D        E       F      G
               +--------+--------+--------+--------+--------+-----+--------+
         Total |   5498 |   5344 |    154 |   1909 |   1958 |   5 | 1099.6 |
       Dungeon |   5498 |   5344 |    154 |   1909 |   1958 |   5 | 1099.6 |
               +--------+--------+--------+--------+--------+-----+--------+

Top non-repeatable levels by time:
     D:5: 1445 daAuts
     D:4: 1282 daAuts
     D:1: 1201 daAuts
     D:2: 950 daAuts
     D:3: 618 daAuts
